 Dungeon Crawl Stone Soup version 0.31.0-32-g396128a36d (webtiles) character file.

Game seed: 5085498496663694685

9537 Zicktick the Slicer (level 11, -13/58 HPs)
             Began as a Spriggan Brigand on Mar 17, 2024.
             Was a High Priest of Lugonu.
             Mangled by a fire elemental (14 damage)
             ... while paralysed by an air elemental
             ... on level 10 of the Dungeon.
             The game lasted 00:23:29 (11611 turns).

Zicktick the Slicer (Spriggan Brigand)             Turns: 11611, Time: 00:23:29

Health: -13/58     AC: 12    Str:  7    XL:     11   Next: 24%
Magic:  15/15      EV:  4    Int: 12    God:    Lugonu [*****.]
Gold:   338        SH:  0    Dex: 22    Spells: 10/10 levels left

rFire   . . .        D - +6 rapier (elec)
rCold   + . .        (no shield)
rNeg    . . .        R - +0 acid dragon scales
rPois   .            (helmet restricted)
rElec   .            x - +1 cloak {Will+}
rCorr   +            (gloves unavailable)
SInv    +            (boots unavailable)
Will    ++...        (no amulet)
Stlth   +++++        T - +4 ring of protection
HPRegen 0.29/turn    c - ring of protection from cold
MPRegen 0.14/turn

%: no passive effects
@: paralysed, engulfed (cannot breathe), very quick
A: very small, no large weapons, unfitting armour, see invisible, speed 3
a: Renounce Religion, Depart the Abyss, Banish, Corrupt, Enter the Abyss


You were on level 10 of the Dungeon.
You worshipped Lugonu.
Lugonu was extremely pleased with you.
You visited 1 branch of the dungeon, and saw 13 of its levels.
You also visited: Ossuary.

You collected 602 gold pieces.
You spent 264 gold pieces at shops.


Innate Abilities, Weirdness & Mutations

You are very small and have problems with some larger weapons.
You are too small for most types of armour.
You have supernaturally acute eyesight. (SInv)
You cover ground extremely quickly. (Speed+++)


   Skills:
 - Level 7.0 Fighting
 + Level 12.8 Short Blades
 + Level 3.9 Throwing
 + Level 2.0 Armour
 - Level 6.0 Dodging
 - Level 12.0 Stealth
 - Level 5.0 Invocations


You had 10 spell levels left.
You didn't know any spells.
Your spell library contained the following spells:

 Spells                   Type           Power      Damage    Failure   Level
 Call Imp                 Summ           0%         N/A       67%         2
 Jinxbite                 Hex            0%         N/A       67%         2
 Sublimation of Blood     Necr           0%         N/A       67%         2
 Gell's Gravitas          Tloc           0%         N/A       88%         3
 Inner Flame              Hex/Fire       0%         N/A       88%         3
 Tukima's Dance           Hex            0%         N/A       88%         3
 Animate Armour           Summ/Erth      0%         N/A       99%         4
 Dimensional Bullseye     Hex/Tloc       0%         N/A       99%         4
 Flame Wave               Conj/Fire      0%         2d4       99%         4
 Iskenderun's Mystic Bla  Conj/Tloc      0%         2d3       99%         4
 Sticky Flame             Fire/Alch      0%         2d4       99%         4
 Vhi's Electric Charge    Tloc/Air       0%         N/A       99%         4
 Summon Forest            Summ/Tloc      0%         N/A       100%        5
 Yara's Violent Unravell  Hex/Alch       0%         3d3       100%        5
 Enfeeble                 Hex            0%         N/A       100%        7
 Summon Hydra             Summ           0%         N/A       100%        7

Inventory:

Hand Weapons
 a - a +2 dagger
 D - a +6 rapier of electrocution (weapon)
Missiles
 d - 20 poisoned darts (quivered)
 e - 5 curare-tipped darts {=f}
 v - a throwing net {=f}
 A - 2 darts of dispersal {=f}
 O - 6 atropa-tipped darts
Armour
 x - a +1 cloak of willpower (worn)
 R - +0 acid dragon scales (worn)
Jewellery
 c - a ring of protection from cold (right hand)
 B - an amulet of magic regeneration
 C - a ring of protection from cold
 P - a ring of poison resistance
 S - a +6 ring of strength
 T - a +4 ring of protection (left hand)
Wands
 n - a wand of acid (5)
 s - a wand of paralysis (29)
 G - a wand of roots (10)
 I - a wand of polymorph (13)
 K - a wand of digging (6)
 L - a wand of flame (9)
Scrolls
 b - 3 scrolls of vulnerability {unknown}
 f - a scroll of silence {unknown}
 g - a scroll of butterflies {unknown}
 h - 3 scrolls of immolation
 l - 2 scrolls of amnesia
 m - 5 scrolls of teleportation {@r2}
 o - a scroll of brand weapon
 p - a scroll of enchant armour
 r - a scroll of poison {unknown}
 w - 3 scrolls of blinking
 y - a scroll of revelation
Potions
 i - a potion of brilliance
 j - 3 potions of heal wounds {@q2}
 k - 7 potions of curing {@q1}
 q - 2 potions of mutation
 t - 2 potions of enlightenment
 u - 2 potions of haste {@q3}
 z - 2 potions of ambrosia
 E - 2 potions of magic
 F - 2 potions of might
 H - a potion of lignification {unknown}
 J - a potion of cancellation {unknown}
 M - a potion of resistance
Miscellaneous
 N - a box of beasts

Dungeon Overview and Level Annotations

Branches:
Dungeon (13/15)            Temple (0/1) D:4            Lair (0/5) D:8
    Orc (0/2) D:9         Ossuary (visited)
 Vaults: D:13-14

Altars:
Ashenzari
Dithmenos
Elyvilon
Makhleb
Okawaru
Qazlal
Sif Muna
Trog
Uskayaw
Vehumet
Xom
Yredelemnul
Zin
Lugonu

Shops:
D:1 *   D:2 (   D:7 [

Annotations:
D:7 2 transporters, mkat's ghost, novice NaSh
D:8 4 runed translucent doors
D:13 3 runed translucent doors

)....#.###......#
#...........#
.....#...'......#
###.........#
.....#####......#
#.........# ######
#......##########<...#
##'#####≈≈.(... ######
#.## ≈≈..... #.###
#..####....... #...#
####'#..'E..≈?.. ###.#
#.......@EE.≈#. #.# ###
#......##E...... ###.###
..#######......# ≈≈.....
#.....# #.......#..<...#
≈≈....# #.....#
#######.'......#
#########.....#
###......### #.......#
#......'>#######.......#
#..)...#...............#
#......#########.......#


You could see an earth elemental, a water elemental, a fire elemental and an air
elemental.


Message History

The air elemental is severely damaged.
The fire elemental closely misses you. The water elemental hits you.
The water elemental engulfs you in water!
The air elemental closely misses you.
You barely miss the air elemental.
The air elemental is severely damaged.
Your lungs strain for air!
The air elemental misses you. The fire elemental misses you.
The water elemental misses you.
You hit the air elemental.
The air elemental is severely damaged.
Your lungs strain for air!
The air elemental hits you.
The air elemental fires a burst of electricity at you.
The stunning burst misses you.
You closely miss the air elemental.
The air elemental is severely damaged.
* * * LOW HITPOINT WARNING * * *
Your lungs strain for air!
The fire elemental closely misses you.
The air elemental fires a burst of electricity at you.
The stunning burst hits you!
You suddenly lose the ability to move!
* * * LOW HITPOINT WARNING * * *
The water elemental hits you.
* * * LOW HITPOINT WARNING * * *
* * * LOW HITPOINT WARNING * * *
Your lungs strain for air!
The air elemental hits you but does no damage.
The fire elemental hits you. The fire elemental burns you!
You die...

Skill      XL: |  1  2  3  4  5  6  7  8  9 10 11 |
---------------+----------------------------------+-----
Fighting       | 2 3 4 5 6 7 |  7.0
Short Blades   | 3 4 5 7 9 12 | 12.8
Dodging        | 2 4 6 |  6.0
Stealth        | 6 7 8 10 12 | 12.0
Invocations    | 2 5 |  5.0
Throwing       | 3 |  3.9
Armour         | 2 |  2.0

Action                     |  1- 3 |  4- 6 |  7- 9 | 10-12 || total
---------------------------+-------+-------+-------+-------++-------
  Melee: Dagger            |    79 |   179 |   368 |       ||   626
         Punch             |       |       |    10 |     5 ||    15
         Rapier            |       |       |   188 |   266 ||   454
  Throw: Dart              |       |    52 |    24 |     6 ||    82
 Invoke: Banish            |       |       |       |     1 ||     1
  Evoke: Wand              |       |       |     3 |       ||     3
    Use: Scroll            |     4 |     3 |       |    16 ||    23
   Stab: Sleeping          |    20 |    10 |    26 |    18 ||    74
         Paralysed         |       |       |     1 |       ||     1
 Armour: Robe              |    16 |    65 |   130 |    48 ||   259
         Acid dragon scale |       |       |       |    30 ||    30
  Dodge: Dodged            |    38 |   122 |   345 |   171 ||   676

Levels and vault maps discovered:
D:1:      minmay_arrival_stone_box, layout_basic, serial_shops,
          nicolae_shop_peninsula, ebering_ecumenical_altar_box,
          hangedman_decor_growths, serial_bayou_crossing
D:2:      layout_rooms, serial_shops, shop, nicolae_titane
D:3:      minmay_wonky_spiral, layout_basic, grunt_qazlal_clouds,
          mainiacjoe_overflow_alcove_4, ashenzari_altar_1
D:4:      layout_basic, zin_angel, okawaru_gym_becter, temple_hall
D:5:      minmay_angry_zag, layout_loops_ring, grunt_dithmenos_shadows
D:6:      layout_loops_ring, overflow_temple_1_default, uniq_blork_the_orc,
          uniq_duvessa
D:7:      layout_basic, mainiacjoe_overflow_cross_hatched, elyvilon_altar_3,
          gammafunk_ghost_smash, serial_shops, shop,
          lightli_ossuary_entry_decrepit_ruins
D:8:      layout_loops_ring, lemuel_round_altar, lair_entry_dummy,
          minmay_hollow_rounded_squares
D:9:      layout_basic, mainiacjoe_overflow_small_starburst,
          overflow_temple_1_default, hiddenorc2_lemuel,
          kennysheep_generic_room_13, uniq_maggie, uniq_joseph, uniq_maurice
D:10:     layout_roguey, mainiacjoe_overflow_alcove_2, nrook_mini_vaults,
          lightli_elemental_guards
D:11:     layout_long_grid, serial_shops, nicolae_shop_back_alley_shop,
          st_stairs_4, amcnicky_mini_corridor_feature, kennysheep_orc_sif_temple
D:12:     layout_irregular_city, guppyfry_shop_blood
D:13:     layout_basic, maelrawn_ghost_gauntlet_escape, serial_shops,
          kennysheep_mini, tgw_trog

Notes
Turn   | Place    | Note
-------+----------+-------------------------------------------
     0 | D:1      | Zicktick the Spriggan Brigand began the quest for the Orb.
     0 | D:1      | Reached XP level 1. HP: 10/10 MP: 2/2
    91 | D:1      | Reached skill level 2 in Fighting
    99 | D:1      | Reached XP level 2. HP: 15/15 MP: 3/3
   479 | D:1      | Found Ynlih's Assorted Antiques.
   642 | D:1      | Found a faded altar of an unknown god.
   701 | D:1      | Prayed at the altar of an unknown god.
   701 | D:1      | Became a worshipper of Lugonu the Unformed
   701 | D:1      | Reached * piety under Lugonu
   787 | D:2      | Found Juvadaiw's Weapon Emporium.
   863 | D:2      | Reached skill level 3 in Fighting
   863 | D:2      | Reached XP level 3. HP: 20/20 MP: 4/4
  1334 | D:3      | Reached skill level 3 in Short Blades
  1479 | D:3      | Found a stormy altar of Qazlal.
  1485 | D:3      | Reached ** piety under Lugonu
  1486 | D:3      | Reached XP level 4. HP: 24/24 MP: 5/5
  1524 | D:3      | Found a broken altar of Ashenzari.
  1615 | D:3      | Reached skill level 4 in Short Blades
  1661 | D:3      | Found a burning altar of Makhleb.
  1825 | D:3      | Reached XP level 5. HP: 28/28 MP: 6/6
  2269 | D:3      | Reached skill level 5 in Short Blades
  2504 | D:4      | Found a staircase to the Ecumenical Temple.
  2556 | D:4      | Noticed an orc warrior
  2590 | D:3      | Reached skill level 2 in Dodging
  2590 | D:3      | Reached skill level 6 in Stealth
  2727 | D:4      | Reached XP level 6. HP: 32/32 MP: 7/7
  2951 | D:4      | Reached skill level 3 in Dodging
  3190 | D:4      | Reached skill level 7 in Stealth
  3212 | D:4      | Found an iron altar of Okawaru.
  3315 | D:4      | Reached skill level 4 in Fighting
  3315 | D:4      | Reached skill level 4 in Dodging
  3529 | D:4      | Reached XP level 7. HP: 11/38 MP: 8/8
  3702 | D:4      | Found a glowing silver altar of Zin.
  3702 | D:4      | Noticed an angel
  3849 | D:4      | Reached skill level 5 in Dodging
  3910 | D:5      | Entered Level 5 of the Dungeon
  4146 | D:5      | Reached skill level 5 in Fighting
  4146 | D:5      | Reached skill level 6 in Dodging
  4543 | D:5      | Noticed a yak
  4543 | D:5      | Noticed a yak
  4547 | D:5      | Killed a yak
  4548 | D:5      | Reached skill level 8 in Stealth
  4548 | D:5      | Reached XP level 8. HP: 44/44 MP: 9/9
  4552 | D:5      | Reached skill level 6 in Fighting
  4552 | D:5      | Reached skill level 9 in Stealth
  4553 | D:5      | Reached skill level 10 in Stealth
  4650 | D:5      | Reached skill level 6 in Short Blades
  4757 | D:5      | Reached *** piety under Lugonu
  4883 | D:5      | Reached skill level 7 in Short Blades
  4976 | D:5      | Found a shadowy altar of Dithmenos.
  5390 | D:6      | Reached XP level 9. HP: 48/48 MP: 10/10
  5532 | D:6      | Noticed Blork the orc
  5549 | D:6      | Killed Blork the orc
  5653 | D:6      | Noticed Duvessa
  5653 | D:6      | Noticed Dowan
  5689 | D:6      | Killed Duvessa
  5819 | D:6      | Reached skill level 8 in Short Blades
  5875 | D:6      | Killed Dowan
  6162 | D:2      | Bought a +2 rapier of electrocution for 264 gold pieces
  6502 | D:6      | Reached skill level 7 in Fighting
  6660 | D:6      | Found a basalt altar of Yredelemnul.
  6864 | D:7      | Found a sand-covered staircase.
  6874 | Ossuary  | Entered an ossuary
  7134 | Ossuary  | Reached skill level 11 in Stealth
  7207 | Ossuary  | Reached **** piety under Lugonu
  7384 | D:7      | Found Rohissow's Antique Armour Shoppe.
  7400 | D:7      | Found a shimmering blue altar of Sif Muna.
  7404 | D:7      | Reached skill level 9 in Short Blades
  7460 | D:7      | Reached skill level 1 in Invocations
  7539 | D:7      | Found a transporter.
  7539 | D:7      | Noticed mkat's ghost (novice NaSh)
  7591 | D:7      | Found a white marble altar of Elyvilon.
  7774 | D:7      | Found a transporter.
  7781 | D:7      | Reached skill level 2 in Invocations
  8049 | D:8      | Found a large runed translucent door.
  8049 | D:8      | Found a large runed translucent door.
  8053 | D:8      | Found a large runed translucent door.
  8053 | D:8      | Found a large runed translucent door.
  8071 | D:8      | Reached skill level 12 in Stealth
  8071 | D:8      | Reached XP level 10. HP: 55/55 MP: 12/12
  8554 | D:8      | Noticed a gargoyle
  8558 | D:8      | Banished a gargoyle
  8559 | D:8      | Reached skill level 3 in Invocations
  8865 | D:8      | Got the Codex of Coordinates and the Valley
  9061 | D:8      | Found a radiant altar of Vehumet.
  9070 | D:8      | Reached skill level 10 in Short Blades
  9158 | D:8      | Found a staircase to the Lair.
  9419 | D:9      | Reached skill level 4 in Invocations
  9480 | D:9      | Reached ***** piety under Lugonu
  9493 | D:9      | Noticed Joseph
  9517 | D:9      | Killed Joseph
  9528 | D:9      | Found a staircase to the Orcish Mines.
  9727 | D:9      | Found a shimmering altar of Xom.
  9761 | D:9      | Reached skill level 5 in Invocations
  9862 | D:9      | Noticed a two-headed ogre
  9866 | D:9      | Found a hide-covered altar of Uskayaw.
  9868 | D:9      | Killed a two-headed ogre
  9869 | D:9      | Reached skill level 11 in Short Blades
  9882 | D:9      | Noticed Maurice
  9923 | D:9      | Killed Maurice
  9924 | D:9      | Reached skill level 12 in Short Blades
 10311 | D:9      | Noticed Maggie
 10326 | D:9      | Killed Maggie
 10832 | D:10     | Entered Level 10 of the Dungeon
 10858 | D:10     | Reached XP level 11. HP: 58/58 MP: 15/15
 10933 | D:10     | Reached skill level 3 in Throwing
 10933 | D:10     | Reached skill level 1 in Armour
 10998 | D:10     | Identified a potion of resistance
 11036 | D:10     | Found a large runed translucent door.
 11036 | D:10     | You fall into a shaft and drop 3 floors!
 11039 | D:13     | Found a runed translucent gate.
 11039 | D:13     | Found a runed translucent gate.
 11039 | D:13     | Found a runed translucent gate.
 11046 | D:13     | Noticed a minotaur
 11052 | D:13     | Noticed a catoblepas
 11071 | D:12     | Noticed a two-headed ogre
 11074 | D:12     | Killed a two-headed ogre
 11245 | D:10     | Noticed a boulder beetle
 11260 | D:10     | Killed a boulder beetle
 11334 | D:10     | Reached skill level 2 in Armour
 11361 | D:10     | Found a large runed translucent door.
 11523 | D:10     | Found a bloodstained altar of Trog.
 11610 | D:10     | Paralysed by an air elemental for 1 turns
 11611 | D:10     | HP: 1/58 [drowned by a water elemental (6)]
 11611 | D:10     | Mangled by a fire elemental

Vanquished Creatures
  2 two-headed ogres
  A boulder beetle (D:10)
  Maurice (D:9)
  Joseph (D:9)
  Maggie (D:9)
  A wraith (D:10)
  2 wyverns
  4 yaks (D:5)
  A steam dragon (D:6)
  An acid dragon (D:10)
  A water moccasin (D:5)
  Duvessa (D:6)
  2 orc warriors
  5 black bears
  2 ice beasts
  2 sky beasts
  3 ogres
  6 centaurs
  A phantom (D:6)
  4 kobold brigands
  Blork the orc (D:6)
  A gnoll sergeant (D:10)
  3 elf zombies (Ossuary)
  3 bullfrogs
  2 scorpions
  6 wights
  Dowan (D:6)
  6 killer bees
  3 howler monkeys (D:10)
  A hound (D:7)
  2 centaur zombies (Ossuary)
  5 bombardier beetles
  A gnoll bouda (D:4)
  5 human zombies (Ossuary)
  6 orc priests
  A jelly (D:5)
  2 sleepcaps (D:5)
  7 iguanas
  7 orc wizards
  A bullfrog simulacrum (Ossuary)
  3 mummies (Ossuary)
  16 gnolls
  10 adders
  3 shadow imps
  3 white imps
  2 ufetubi (D:6)
  2 dart slugs (D:3)
  5 ribbon worms
  43 orcs
  5 ball pythons
  4 endoplasms
  2 giant cockroaches
  5 hobgoblins
  6 jackals
  5 quokkas
  11 bats
  3 frilled lizards
  9 goblins
  19 kobolds
  3 rats
265 creatures vanquished.

Table legend: (Time is in decaauts)
 A = Elapsed time spent in this place.
 B = Non-inter-level travel time spent in this place.
 C = Inter-level travel time spent in this place.
 D = Time resting spent in this place.
 E = Time spent auto-exploring this place.
 F = Levels seen in this place.
 G = Mean time per level.
                   A        B        C        D        E       F      G
               +--------+--------+--------+--------+--------+-----+--------+
         Total |   8257 |   7868 |    389 |   1215 |   4661 |  14 |  589.8 |
       Dungeon |   7955 |   7566 |    389 |   1197 |   4502 |  13 |  611.9 |
       Ossuary |    301 |    301 |      0 |     18 |    159 |   1 |  301.0 |
               +--------+--------+--------+--------+--------+-----+--------+

Top non-repeatable levels by time:
     D:5: 1110 daAuts
     D:3: 1099 daAuts
     D:9: 1018 daAuts
     D:4: 974 daAuts
     D:7: 839 daAuts
     D:8: 709 daAuts
     D:6: 669 daAuts
     D:2: 544 daAuts
    D:10: 470 daAuts
     D:1: 461 daAuts
 Ossuary: 301 daAuts
    D:12: 22 daAuts
    D:13: 21 daAuts
    D:11: 14 daAuts

Table legend:
 A = Non-vault XP
 B = Vault XP
 C = Vault XP percentage of total XP
 D = Non-vault monster count
 E = Vault monster count
 F = Vault count percentage of total count
                 A         B        C        D         E       F
            +---------+---------+-------+---------+---------+-------
      Total |    9630 |    3995 |  29.3 |     195 |      71 |  26.7
            +---------+---------+-------+---------+---------+-------
        D:1 |      34 |       0 |   0.0 |      22 |       0 |   0.0
        D:2 |      30 |       0 |   0.0 |      10 |       0 |   0.0
        D:3 |     263 |      36 |  12.0 |      24 |       5 |  17.2
        D:4 |     588 |       0 |   0.0 |      23 |       0 |   0.0
        D:5 |    1295 |     388 |  23.1 |      15 |       7 |  31.8
        D:6 |     907 |     300 |  24.9 |      21 |       3 |  12.5
        D:7 |     961 |       0 |   0.0 |      26 |       0 |   0.0
        D:8 |     460 |     871 |  65.4 |       8 |       7 |  46.7
        D:9 |    2219 |    1728 |  43.8 |      27 |      35 |  56.5
       D:10 |    2041 |       0 |   0.0 |      18 |       0 |   0.0
       D:12 |     832 |       0 |   0.0 |       1 |       0 |   0.0
    Ossuary |       0 |     672 | 100.0 |       0 |      14 | 100.0
            +---------+---------+-------+---------+---------+-------
